 Dungeon Crawl Stone Soup version 0.24.0-35-gdb84b6a5db (webtiles) character file.

Game seed: 16746609247927197719, levelgen mode: deterministic

2328 Nattfarinn the Transmogrifier (level 9, -16/82 HPs)
             Began as a Merfolk Transmuter on Nov 18, 2019.
             Was a Follower of Okawaru.
             Demolished by a two-headed ogre
             ... wielding a cursed -2 giant club
              (23 damage)
             ... on level 8 of the Dungeon.
             The game lasted 00:24:10 (9770 turns).

Nattfarinn the Transmogrifier (Merfolk Transmuter)  Turns: 9770, Time: 00:24:10

Health: -16/82     AC:  6    Str: 10    XL:     9   Next: 42%
Magic:  12/12      EV: 12    Int: 17    God:    Okawaru [*.....]
Gold:   409        SH:  0    Dex: 17    Spells: 4/12 levels left

rFire    x . .     SeeInvis +     - Unarmed
rCold    + + +     Gourm    .   (shield currently unavailable)
rNeg     . . .     Faith    .   (armour currently unavailable)
rPois    +         Spirit   .   (helmet currently unavailable)
rElec    .         Reflect  .   (cloak currently unavailable)
rCorr    .         Harm     .   (gloves currently unavailable)
MR       .....                  (boots currently unavailable)
Stlth    ++........             (no amulet)
HPRegen  0.23/turn              g - ring of see invisible
MPRegen  0.13/turn              v - +4 ring of intelligence

@: ice-form, hasted, very quick
A: large, (change form in water), (swift swim), (stealthy swim)
a: End Transformation, Heroism, Renounce Religion


You were on level 8 of the Dungeon.
You worshipped Okawaru.
Okawaru was aware of your devotion.
You were hungry.
You were a creature of crystalline ice.
You visited 2 branches of the dungeon, and saw 9 of its levels.
You also visited: Ossuary.

You collected 409 gold pieces.

Inventory:

Hand Weapons
 C - a +3 trident of venom (melded)
 G - the +8 spear "Qoixaori" {pierce, *Slow rF+ Str+4}
   (You found it on level 7 of the Dungeon)

   It inflicts extra damage upon your enemies.
   It affects your strength (+4).
   It protects you from fire.
   It may slow you when you take damage.
Missiles
 a - 208 arrows
 h - 12 javelins (quivered)
Armour
 b - a +0 robe (melded)
 l - a +0 cloak
 s - the +0 ring mail of Love and Death {*Slow rPois Dex+2}
   (You took it off an orc on level 4 of the Dungeon)

   It affects your dexterity (+2).
   It protects you from poison.
   It may slow you when you take damage.
 D - a +2 helmet (melded)
 E - a +2 cloak of magic resistance (melded)
Jewellery
 c - a +3 ring of protection
 g - a ring of see invisible (left front paw)
 k - an uncursed ring of stealth {unknown}
 v - a +4 ring of intelligence (right front paw)
Wands
 d - a wand of random effects (14)
 r - a wand of disintegration (16)
Scrolls
 e - 2 scrolls of fog {unknown}
 j - 3 scrolls of amnesia
 n - 2 scrolls of magic mapping
 o - 3 scrolls of teleportation {unknown}
 t - 12 scrolls of remove curse {unknown}
 u - 2 scrolls of random uselessness {unknown}
 w - 2 scrolls of blinking {unknown}
 x - 2 scrolls of enchant weapon {unknown}
 y - 3 scrolls of identify
 H - a scroll of fear {unknown}
Potions
 f - a potion of invisibility
 i - 3 potions of cancellation
 q - 2 potions of brilliance
 z - a potion of resistance {unknown}
 A - 4 potions of heal wounds {unknown}
 B - a potion of flight {unknown}
 F - a potion of might {unknown}
Comestibles
 m - 7 rations


   Skills:
 * Level 6.2 Fighting
 * Level 3.5 Armour
 - Level 3.5 Dodging
 + Level 4.8 Unarmed Combat
 - Level 2.0 Spellcasting
 - Level 9.1 Transmutations
 - Level 6.4 Ice Magic


You had 4 spell levels left.
You knew the following spells:

 Your Spells              Type           Power        Failure   Level  Hunger
a - Beastly Appendage     Tmut           ####..       1%          1    #......
b - Spider Form           Tmut/Pois      ###.......   9%          3    ###....
c - Ice Form              Ice/Tmut       ####....     8%          4    #####..

Your spell library contained the following spells:

 Spells                   Type           Power        Failure   Level  Hunger
 Sticks to Snakes         Tmut           ####....     1%          2    ###....
 Summon Small Mammal      Summ           #...         19%         1    #......
 Call Imp                 Summ           #.......     28%         2    ###....
 Summon Ice Beast         Ice/Summ       ##......     45%         4    #####..
 Call Canine Familiar     Summ           #.......     50%         3    ###....
 Summon Guardian Golem    Hex/Summ       #.......     50%         3    ###....
 Summon Lightning Spire   Summ/Air       #.......     88%         4    #####..
 Blade Hands              Tmut           ####......   13%         5    ######.


Dungeon Overview and Level Annotations

Branches:
Dungeon (8/15)             Temple (1/1) D:7         Ossuary (visited)
   Lair: D:8-11

Altars:
Ashenzari
Cheibriados
Dithmenos
Elyvilon
Fedhas
Gozag
Hepliaklqana
Kikubaaqudgha
Makhleb
Nemelex Xobeh
Okawaru
Qazlal
Ru
Sif Muna
Trog
Uskayaw
Vehumet
Wu Jian
Xom
Yredelemnul
Zin
The Shining One


Message History

A two-headed ogre is nearby!
The two-headed ogre shouts in stereo!
You punch the two-headed ogre! You freeze the two-headed ogre.
The two-headed ogre is lightly wounded.
You hit the two-headed ogre. You freeze the two-headed ogre.
The two-headed ogre is moderately wounded.
The two-headed ogre hits you with a cursed -2 giant club.
The two-headed ogre hits you with a +0 giant club!
You hit the two-headed ogre. You freeze the two-headed ogre.
The two-headed ogre is heavily wounded.
The two-headed ogre closely misses you.
The two-headed ogre hits you with a +0 giant club.
You punch the two-headed ogre! You freeze the two-headed ogre.
The two-headed ogre is heavily wounded.
The two-headed ogre hits you with a cursed -2 giant club!!
* * * LOW HITPOINT WARNING * * *
The two-headed ogre closely misses you.
You feel yourself speed up. The two-headed ogre closely misses you.
The two-headed ogre hits you with a +0 giant club!!
You die...

#........# ****##..#...#.#
,,,.#...#)..#.#
,,,........)..#
,,,..#..#.))..##
,,,,,#...#.#...#
,,,,...........## *###
,,,............O#####..#
,,,#............Y##....##
,**###.........#........#
,,***#.........###.....##*#
,,*,*.......[..#.......#*.##
,,*,,,........###......#...#
,,,,,,,......#*#..........#*
,,,,,,,,.....,*#..........#
,,,,,,*,,,,,....##..)##..###
,,,,,****,,,###....#)รท##...#


You could see a two-headed ogre.

Vanquished Creatures
  2 phantoms
  A necrophage (D:7)
  4 centaurs
  An elf zombie (Ossuary)
  3 bullfrogs
  5 scorpions
  A water moccasin skeleton (D:7)
  2 howler monkeys
  2 wights (D:8)
  A bullfrog zombie (D:5)
  2 crimson imps
  2 hounds
  2 bullfrog skeletons
  A jelly (D:6)
  Crazy Yiuf (D:6)
  4 orc priests (D:8)
  2 human zombies (Ossuary)
  An iguana (D:7)
  Ijyb (D:2)
  2 orc wizards
  5 worker ants
  A big kobold zombie (Ossuary)
  2 mummies (Ossuary)
  A worker ant zombie (D:5)
  3 gnolls (D:4)
  8 adders
  4 shadow imps
  2 oozes
  3 adder skeletons
  2 worms
  5 dart slugs
  4 leopard geckos
  17 orcs
  A ball python (D:3)
  7 bats
  6 giant cockroaches
  12 goblins
  3 hobgoblins
  7 jackals
  7 kobolds
  6 quokkas
  6 frilled lizards
  A goblin zombie (Ossuary)
  11 hobgoblin zombies (Ossuary)
  A jackal skeleton (D:6)
  2 jackal zombies
  9 kobold zombies (Ossuary)
  A leopard gecko zombie (D:5)
  7 orc zombies (Ossuary)
  12 rats
  3 rat zombies (Ossuary)
199 creatures vanquished.

Notes
Turn   | Place    | Note
-------+----------+-------------------------------------------
     0 | D:1      | Nattfarinn the Merfolk Transmuter began the quest for the
                  | Orb.
     0 | D:1      | Reached XP level 1. HP: 15/15 MP: 3/3
   102 | D:1      | Reached skill level 3 in Transmutations
   226 | D:1      | Reached XP level 2. HP: 9/22 MP: 3/5
   629 | D:1      | Found a sparkling altar of Nemelex Xobeh.
   889 | D:2      | Reached XP level 3. HP: 17/27 MP: 4/6
  1435 | D:1      | Learned a level 3 spell: Spider Form
  1594 | D:2      | Reached XP level 4. HP: 34/34 MP: 3/7
  1884 | D:2      | Reached skill level 4 in Transmutations
  1985 | D:2      | Noticed Ijyb
  2039 | D:2      | Killed Ijyb
  2532 | D:2      | Reached XP level 5. HP: 27/41 MP: 8/8
  2778 | D:2      | Found a hazy altar of Hepliaklqana.
  3456 | D:3      | Noticed a centaur
  3465 | D:3      | Killed a centaur
  3465 | D:3      | Reached skill level 6 in Transmutations
  3598 | D:3      | You fall into a shaft and drop 2 floors!
  3598 | D:5      | Entered Level 5 of the Dungeon
  3622 | D:5      | Reached XP level 6. HP: 45/47 MP: 2/9
  3747 | D:5      | Reached skill level 7 in Transmutations
  4012 | D:5      | Found a shimmering altar of Xom.
  4107 | D:5      | Reached skill level 8 in Transmutations
  4107 | D:5      | Reached XP level 7. HP: 32/52 MP: 10/10
  4239 | D:5      | Found an opulent altar of Gozag.
  4239 | D:5      | Found a hide-covered altar of Uskayaw.
  4271 | D:5      | Found a white marble altar of Elyvilon.
  4276 | D:5      | Found a sparkling altar of Nemelex Xobeh.
  4277 | D:5      | Found a shattered altar of Ashenzari.
  4844 | D:4      | Reached skill level 9 in Transmutations
  4879 | D:4      | Learned a level 4 spell: Ice Form
  4951 | D:4      | Reached skill level 1 in Ice Magic
  5369 | D:4      | Found an ornate altar of the Wu Jian Council.
  5431 | D:4      | Identified the +0 ring mail of Love and Death {*Slow rPois
                  | Dex+2}
  5454 | D:4      | Reached XP level 8. HP: 9/58 MP: 8/11
  6260 | D:6      | Found a runed translucent door.
  6261 | D:6      | Noticed Crazy Yiuf
  6402 | D:6      | Reached skill level 5 in Ice Magic
  6547 | D:6      | Found a snail-covered altar of Cheibriados.
  6918 | D:6      | Killed Crazy Yiuf
  7847 | D:7      | Got a polished spear
  7848 | D:7      | Identified the +8 spear "Qoixaori" {pierce, *Slow rF+
                  | Str+4} (You found it on level 7 of the Dungeon)
  8045 | D:7      | Reached skill level 1 in Armour
  8076 | D:7      | Found a staircase to the Ecumenical Temple.
  8117 | Temple   | Entered the Ecumenical Temple
  8228 | Temple   | Became a worshipper of Warmaster Okawaru
  8409 | D:7      | Reached skill level 5 in Fighting
  8409 | D:7      | Reached XP level 9. HP: 68/68 MP: 12/12
  8461 | D:7      | Found a sacrificial altar of Ru.
  9127 | D:8      | Found a sand-covered staircase.
  9137 | Ossuary  | Entered an ossuary
  9376 | Ossuary  | Reached * piety under Okawaru
  9753 | D:8      | Noticed a two-headed ogre
  9770 | D:8      | Demolished by a two-headed ogre

Levels and vault maps discovered:
D:1:      dpeg_arrival_rooms_b, layout_rooms, chequers_mini_garden,
          nemelex_altar_shiori
D:2:      kennysheep_the_goblin_king, layout_basic,
          lemuel_coloured_pillars_altar, small_statue_intersection,
          roderic_lattice_a, minmay_pentomino_x2
D:3:      layout_basic, first_ration
D:4:      layout_basic, lemuel_crystal_altar, minmay_bent
D:5:      layout_basic, chequers_temple_overflow_minitemple, basic_altar
D:6:      layout_loops_corners, old_standard_altar, uniq_crazy_yiuf_cottage
D:7:      layout_loops_corners, lemuel_doored_altar, minmay_temple_entry_arrows
D:8:      layout_cave_pools, nicolae_ossuary_entry_ruins
Temple:   oiseaux_autumnal_temple

Skill      XL: |  1  2  3  4  5  6  7  8  9 |
---------------+----------------------------+-----
Transmutations | 3 4 6 8 9 |  9.1
Dodging        | 3 |  3.5
Fighting       | 2 3 5 6 |  6.2
Ice Magic      | 4 6 |  6.4
Armour         | 2 3 |  3.5
Unarmed Combat | 4 |  4.8
Spellcasting   | |  2.0

Action                   |  1- 3 |  4- 6 |  7- 9 || total
-------------------------+-------+-------+-------++-------
Melee: Unarmed           |    85 |   189 |   226 ||   500
       Headbutt          |     7 |       |       ||     7
       Punch             |     2 |     1 |     1 ||     4
       Trident           |       |       |   166 ||   166
       Spear             |       |       |    11 ||    11
Throw: Javelin           |     1 |       |       ||     1
 Cast: Beastly Appendage |    13 |     1 |       ||    14
       Spider Form       |     2 |    15 |     6 ||    23
       Ice Form          |       |       |    12 ||    12
  Use: Potion            |     2 |     1 |     3 ||     6
       Scroll            |       |       |     7 ||     7
 Stab: Sleeping          |     1 |       |     4 ||     5
  Eat: Ration            |     1 |       |     2 ||     3
       Chunk             |       |    11 |    15 ||    26
Armor: Robe              |    14 |    19 |    50 ||    83
       Skin              |       |     5 |    45 ||    50
Dodge: Dodged            |    66 |   156 |   240 ||   462
